 Dungeon Crawl Stone Soup version 0.26-a0-597-gb535b0901c (webtiles) character file.

Game seed: 1439357295860379869

334 HoaS the Twirler (level 6, 0/47 HPs)
             Began as a Formicid Fighter on Aug 27, 2020.
             Slain by a killer bee (7 damage)
             ... on level 4 of the Dungeon.
             The game lasted 00:05:43 (2567 turns).

HoaS the Twirler (Formicid Fighter)                 Turns: 2567, Time: 00:05:44

Health: 0/47       AC:  9    Str: 22    XL:     6   Next: 83%
Magic:  6/6        EV:  6    Int:  8    God:
Gold:   183        SH: 10    Dex: 10    Spells: 5/5 levels left

rFire    . . .     SeeInvis +   a - +1 quarterstaff
rCold    . . .     Faith    .   c - +0 kite shield
rNeg     . . .     Spirit   .   e - +0 chain mail
rPois    .         Reflect  .   (helmet unavailable)
rElec    .         Harm     .   (no cloak)
rCorr    .                      (no gloves)
MR       .....                  (no boots)
Stlth    ..........             (no amulet)
HPRegen  0.15/turn              (no ring)
MPRegen  0.10/turn              (no ring)

@: lethally poisoned (0 -> -10)
A: permanent stasis, dig shafts and tunnels, four strong arms, antennae 3
a: Dig, Shaft Self


You were on level 4 of the Dungeon.
You visited 1 branch of the dungeon, and saw 4 of its levels.

You collected 183 gold pieces.

Inventory:

Hand Weapons
 a - a +1 quarterstaff (weapon)
Armour
 c - a +0 kite shield (worn)
 e - a +0 chain mail (worn)
Wands
 f - a wand of random effects (22)
 h - a wand of acid (7)
Scrolls
 b - 2 scrolls of fear
 g - a scroll of identify
Potions
 d - a potion of might
 j - a potion of lignification
 k - a potion of curing


   Skills:
 - Level 3.2 Fighting
 * Level 5.6 Staves
 - Level 3.2 Armour
 + Level 5.6 Shields


You had 5 spell levels left.
You didn't know any spells.
Your spell library was empty.

Dungeon Overview and Level Annotations

Branches:
Dungeon (4/15)
 Temple: D:4-7

Altars:
Sif Muna


Innate Abilities, Weirdness & Mutations

You cannot be hasted, slowed, berserked, paralysed or teleported.
You can dig through walls and to a lower floor.
Your four strong arms can wield two-handed weapons with a shield.
You have a pair of large antennae on your head. (SInv)


Message History

You closely miss the killer bee.
The killer bee is heavily wounded.
You feel sick. You block the killer bee's attack. The killer bee stings you.
You barely miss the killer bee.
The killer bee is heavily wounded.
You feel sick. The killer bee stings you. x2
You are more poisoned.
The killer bee poisons you! The killer bee barely misses you.
You miss the killer bee.
The killer bee is heavily wounded.
You feel sick. The killer bee stings you! The killer bee stings you.
You thump the killer bee!
You kill the killer bee!
You feel sick. The killer bee stings you.
* * * LOW HITPOINT WARNING * * *
You miss the killer bee.
* * * LOW HITPOINT WARNING * * *
You feel sick. The killer bee barely misses you.
You block the killer bee's attack. The killer bee stings you!
You die...

.# #(# .#
#.# .#
#.# .#
#.#######
.#
#)......#
..
#######.#
#.# #.#
#@# #y#
#y# #y#


.yy ..# #.# #.# You could see 5 killer bees.

Vanquished Creatures
  A killer bee (D:4)
  A bullfrog skeleton (D:4)
  An orc priest (D:3)
  An orc wizard (D:3)
  An iguana (D:4)
  9 adders
  3 oozes
  A dart slug (D:2)
  6 leopard geckos
  4 orcs (D:3)
  9 bats
  3 giant cockroaches
  8 hobgoblins
  2 jackals (D:1)
  2 quokkas (D:2)
  A ball python (D:1)
  2 frilled lizards
  11 goblins
  9 kobolds
  7 rats (D:1)
82 creatures vanquished.

Vanquished Creatures (others)
  An orc wizard (D:3)
1 creature vanquished.

Grand Total: 83 creatures vanquished

Notes
Turn   | Place    | Note
-------+----------+-------------------------------------------
     0 | D:1      | HoaS the Formicid Fighter began the quest for the Orb.
     0 | D:1      | Reached XP level 1. HP: 18/18 MP: 1/1
    69 | D:1      | Reached XP level 2. HP: 24/24 MP: 2/2
   211 | D:1      | Reached XP level 3. HP: 29/29 MP: 3/3
   717 | D:2      | Reached XP level 4. HP: 19/35 MP: 4/4
  1419 | D:2      | Reached XP level 5. HP: 41/41 MP: 5/5
  1595 | D:3      | Reached skill level 5 in Shields
  1849 | D:3      | Reached XP level 6. HP: 35/47 MP: 6/6
  2002 | D:3      | Reached skill level 5 in Staves
  2118 | D:3      | Found a shimmering blue altar of Sif Muna.
  2567 | D:4      | Slain by a killer bee

Illustrated notes

Levels and vault maps discovered:
D:1:      mrwooster_arrival_arrow, layout_basic, serial_bayou_ford_a,
          serial_bayou_pond_c, st_stairs_1
D:2:      layout_loops_cross
D:3:      layout_basic, led_sif_book
D:4:      layout_loops_ring, nicolae_overflow_hidden_temple,
          nicolae_ru_great_annihilating_truth, cheibrodos_sewer_entry_bend

Skill      XL: |  1  2  3  4  5  6 |
---------------+-------------------+-----
Shields        | 4 5 |  5.6
Staves         | 3 4 5 |  5.6
Fighting       | |  3.2
Armour         | |  3.2

Action                   |  1- 3 |  4- 6 || total
-------------------------+-------+-------++-------
Melee: Quarterstaff      |   100 |   169 ||   269
  Use: Scroll            |       |     9 ||     9
Armor: Scale mail        |     9 |       ||     9
       Chain mail        |    43 |    64 ||   107
Dodge: Dodged            |    22 |    39 ||    61
Block: Kite shield       |    64 |    75 ||   139

Table legend: (Time is in decaauts)
 A = Elapsed time spent in this place.
 B = Non-inter-level travel time spent in this place.
 C = Inter-level travel time spent in this place.
 D = Time resting spent in this place.
 E = Time spent auto-exploring this place.
 F = Levels seen in this place.
 G = Mean time per level.
                   A        B        C        D        E       F      G
               +--------+--------+--------+--------+--------+-----+--------+
         Total |   2627 |   2560 |     67 |    585 |   1268 |   4 |  656.8 |
       Dungeon |   2627 |   2560 |     67 |    585 |   1268 |   4 |  656.8 |
               +--------+--------+--------+--------+--------+-----+--------+

Top non-repeatable levels by time:
     D:3: 967 daAuts
     D:2: 830 daAuts
     D:1: 708 daAuts
     D:4: 121 daAuts
